 Dungeon Crawl Stone Soup version 0.31-a0-700-gf13585253f (webtiles) character file.

Game seed: 4262680089224540961

7986 Iich the Grappler (level 11, 0/105 HPs)
             Began as a Troll Shapeshifter on Sept 7, 2023.
             Was a Believer of Trog.
             Slain by a wraith (6 damage)
             ... on level 10 of the Dungeon.
             The game lasted 00:40:12 (9825 turns).

Iich the Grappler (Troll Shapeshifter)              Turns: 9825, Time: 00:40:13

Health: 0/105      AC:  5    Str: 27    XL:     11   Next: 4%
Magic:  10/10      EV: 10    Int: 10    God:    Trog [**....]
Gold:   513        SH:  0    Dex:  8    Spells: 10/10 levels left

rFire   . .          .
                       - Unarmed
rCold   . . .        (no shield)
rNeg    . . .        l - +0 troll leather armour
rPois   .            (helmet currently unavailable)
rElec   .            (cloak currently unavailable)
rCorr   .            (gloves unavailable)
SInv    .            (boots unavailable)
Will    +++..        w - amulet of regeneration
Stlth   +            y - ring of willpower
HPRegen 3.77/turn    (no ring)
MPRegen 0.12/turn

%: clarity
@: beast-form, strong-willed, regenerating, slowed, very slow
A: beast (slay +3), large, unfitting armour, claws 3, regeneration 1, shaggy fur
1, tough skin 1, clarity, clever 1
a: Begin Untransformation, Renounce Religion, Berserk, Trog's Hand


You were on level 10 of the Dungeon.
You worshipped Trog.
Trog was pleased with you.
You were a hulking beast.
You visited 2 branches of the dungeon, and saw 12 of its levels.
You also visited: Ossuary.

You collected 594 gold pieces.
You spent 81 gold pieces at shops.

Inventory:

Hand Weapons
 b - the +8 trident of the Octopus King {venom, rElec rPois}
   (You found it on level 4 of the Dungeon)

   rElec:     It insulates you from electricity.
   rPois:     It protects you from poison
 u - the +11 plutonium sword {Contam Stlth-}
   (You acquired it on level 3 of the Dungeon)

   Contam:    It causes magical contamination when unequipped.
   Stlth-:    It makes you less stealthy.
Armour
 a - a +1 animal skin
 l - a +0 troll leather armour (worn)
 L - a +0 cloak
Jewellery
 p - a ring of magical power
 w - an amulet of regeneration (around neck)
 y - a ring of willpower (left claw)
 G - an amulet of magic regeneration
 I - a ring of protection from cold
Talismans
 c - a beast talisman (active)
 s - a flux talisman
 K - a blade talisman
Wands
 d - a wand of polymorph (12)
 D - a wand of digging (6)
 H - a wand of paralysis (1)
 M - a wand of mindburst (8)
 N - a wand of light (4)
Scrolls
 e - a scroll of fog
 i - a scroll of identify
 k - 3 scrolls of vulnerability
 o - 3 scrolls of poison
 r - 2 scrolls of immolation
 t - a scroll of silence {unknown}
 v - a scroll of brand weapon
 x - 4 scrolls of enchant armour
 C - a scroll of amnesia
 E - a scroll of revelation
Potions
 f - a potion of enlightenment
 j - 6 potions of mutation
 m - 3 potions of lignification
 n - a potion of resistance
 q - 8 potions of curing
 z - a potion of brilliance
 A - 3 potions of attraction
 F - 2 potions of invisibility
 J - a potion of berserk rage
Miscellaneous
 h - a lightning rod (1/4)


   Skills:
 + Level 5.7 Fighting
 - Level 0.2 Long Blades
 - Level 6.2 Polearms
 + Level 5.5 Armour
 + Level 5.8 Dodging
 * Level 8.0 Unarmed Combat
 + Level 6.8 Shapeshifting


You had 10 spell levels left.
You didn't know any spells.
Your spell library contained the following spells:

 Spells                   Type           Power      Damage    Failure   Level
 Magic Dart               Conj           0%         1d3       38%         1
 Call Imp                 Summ           0%         N/A       54%         2
 Ensorcelled Hibernation  Hex/Ice        0%         N/A       54%         2
 Passwall                 Tmut/Erth      0%         N/A       54%         2
 Call Canine Familiar     Summ           0%         N/A       77%         3
 Mephitic Cloud           Conj/Pois/Air  0%         N/A       77%         3
 Sigil of Binding         Hex            0%         N/A       77%         3
 Swiftness                Air            0%         N/A       77%         3
 Dimensional Bullseye     Hex/Tloc       0%         N/A       99%         4
 Leda's Liquefaction      Hex/Erth       0%         N/A       99%         4


Dungeon Overview and Level Annotations

Branches:
Dungeon (11/15)            Temple (1/1) D:6            Lair (0/5) D:9
Ossuary (visited)
    Orc: D:9-12

Altars:
Ashenzari
Cheibriados
Dithmenos
Elyvilon
Fedhas
Gozag
Hepliaklqana
Kikubaaqudgha
Makhleb
Nemelex Xobeh
Okawaru
Qazlal
Ru
Sif Muna
Trog
Uskayaw
Vehumet
Wu Jian
Xom
Yredelemnul
Zin
The Shining One

Shops:
D:3 *   D:6 =   D:10 [


Innate Abilities, Weirdness & Mutations

You are a hulking beast.
Your limbs bulge with bestial killing power. (Slay +3)
You are too large for most types of armour.
You have claws for hands.
Your natural rate of healing is unusually fast.
You are covered in fur. (AC +1)
You have tough skin. (AC +1)
You possess an exceptional clarity of mind.
Your mind is acute. (Int +4, Str/Dex -1)


Message History

You are engulfed in flames!
* * * LOW HITPOINT WARNING * * *
You take 33 damage, and have 41/105 hp. !!!!--MASSIVE DAMAGE--!!!!
Aiming: Paralyse
Press: ? - help, Q - select action, (/) - cycle Shift-Dir - straight line, p - neqoxec
Okay, then.
Your skin crawls.
You feel strong-willed. The sun demon misses you.
The kobold demonologist hits you with a +0 dagger.
* * * LOW HITPOINT WARNING * * *
The wraith hits you.
* * * LOW HITPOINT WARNING * * *
The wraith drains your vigour!
You feel as though you will be slow longer.
The sun demon hits you!
* * * LOW HITPOINT WARNING * * *
You are engulfed in flames!!
* * * LOW HITPOINT WARNING * * *
The neqoxec hits you.
* * * LOW HITPOINT WARNING * * *
The kobold demonologist hits you with a +0 dagger.
* * * LOW HITPOINT WARNING * * *
You take 40 damage, and have 1/105 hp. !!!!--MASSIVE DAMAGE--!!!!
Unknown command.
Read: scroll of fear
Press: ? - help, Q - select action, (/) - cycle Dir - look around, f - activate Look: a neqoxec (almost dead, summoned, chance to affect: 90%)
Okay, then.
Read: scroll of fear
Press: ? - help, Q - select action, (/) - cycle Dir - look around, f - activate Look: a neqoxec (almost dead, summoned, chance to affect: 90%)
As you read the scroll of fear, it crumbles to dust.
You assume a fearsome visage.
The neqoxec looks frightened!
The white imp looks frightened!
The kobold demonologist looks frightened!
The sun demon looks frightened!
The ufetubus looks frightened!
The wraith is unaffected.
The wraith hits you.
You die...

#.....# #.....#
#.....# #.....#
. #.....# $..
#.....######...
#..............
#.......5<.....
#......hW......
#.....3K3......
#..............
#......5.......
#####..........
#..........
#.......... #
#>......).. #.
#.......... #.#


You could see a sun demon (summoned, fleeing), a kobold demonologist (fleeing),
a neqoxec (summoned, fleeing), a wraith, a white imp (summoned, fleeing) and an
ufetubus (summoned, fleeing).

Vanquished Creatures
  A two-headed ogre (D:9)
  A gargoyle (D:11)
  A kobold demonologist (D:10)
  A troll (D:10)
  A hornet (D:10)
  5 polar bears (D:9)
  A dream sheep (D:9)
  A shadow (D:9)
  2 wyverns (D:9)
  A hog (D:9)
  Eustachio (D:5)
  A steam dragon (D:7)
  Duvessa (D:5)
  2 water moccasins (D:7)
  An ice beast (D:6)
  6 orc warriors
  4 sky beasts
  An ogre (D:5)
  3 centaurs
  An elf zombie (Ossuary)
  A bullfrog (D:7)
  A gnoll sergeant (D:6)
  3 scorpions (D:6)
  5 wights (D:8)
  Dowan (D:5)
  3 howler monkeys
  7 killer bees
  A centaur zombie (Ossuary)
  12 hounds
  4 orc priests
  A jelly (D:5)
  3 human zombies (Ossuary)
  25 orc wizards
  3 iguanas
  3 sleepcaps
  3 mummies
  8 adders
  A gnoll (D:5)
  2 white imps
  3 adder zombies (Ossuary)
  A worm (D:3)
  2 dart slugs
  34 orcs
  8 ball pythons
  8 endoplasms
  7 giant cockroaches
  2 goblins
  6 hobgoblins
  5 jackals (D:1)
  3 quokkas
  7 bats
  A goblin zombie (Ossuary)
  14 hobgoblin zombies (Ossuary)
  A jackal zombie (Ossuary)
  6 kobolds
  7 kobold zombies (Ossuary)
  6 orc zombies (Ossuary)
  2 rats (D:1)
246 creatures vanquished.

Notes
Turn   | Place    | Note
-------+----------+-------------------------------------------
     0 | D:1      | Iich the Troll Shapeshifter began the quest for the Orb.
     0 | D:1      | Reached XP level 1. HP: 18/18 MP: 0/0
    93 | D:1      | Reached skill level 1 in Fighting
   106 | D:1      | Reached XP level 2. HP: 27/27 MP: 1/1
   364 | D:1      | Found a faded altar of an unknown god.
   992 | D:1      | Reached XP level 3. HP: 33/33 MP: 2/2
  1231 | D:2      | Reached skill level 1 in Armour
  1371 | D:2      | Reached XP level 4. HP: 41/41 MP: 3/3
  1649 | D:2      | Reached XP level 5. HP: 49/49 MP: 4/4
  1852 | D:3      | Found Cipurphits's Assorted Antiques.
  1863 | D:3      | Bought a scroll labelled RUNWOA NALOEMM for 27 gold pieces
  1863 | D:3      | Bought a scroll labelled HUBUEDANLE for 27 gold pieces
  1863 | D:3      | Bought a scroll labelled PEIXZICVAU for 27 gold pieces
  1911 | D:3      | Identified the +0 spear "Oriufergh" {drain, rPois rF+
                  | Str+3}
  1947 | D:3      | Found a shadowy altar of Dithmenos.
  2061 | D:3      | Identified a scroll of acquirement
  2062 | D:3      | Acquired the +11 plutonium sword {Contam Stlth-}
  2062 | D:3      | Found the +11 plutonium sword {Contam Stlth-}
  2199 | D:4      | Reached XP level 6. HP: 57/57 MP: 5/5
  2224 | D:4      | Found the +8 trident of the Octopus King {venom, rElec
                  | rPois}
  2297 | D:4      | Reached skill level 4 in Unarmed Combat
  2360 | D:4      | Reached skill level 1 in Polearms
  2510 | D:4      | Gained mutation: Your spells are a little harder to cast,
                  | but a little more powerful. [potion of mutation]
  2510 | D:4      | Gained mutation: Your mind is acute. (Int +4, Str/Dex -1)
                  | [potion of mutation]
  2510 | D:4      | Lost mutation: Your spells are a little harder to cast, but
                  | a little more powerful. [potion of mutation]
  2510 | D:4      | Gained mutation: You possess an exceptional clarity of
                  | mind. [potion of mutation]
  3099 | D:5      | Entered Level 5 of the Dungeon
  3206 | D:5      | Found a burning altar of Makhleb.
  3229 | D:5      | Reached XP level 7. HP: 54/66 MP: 6/6
  3389 | D:5      | Noticed Duvessa
  3391 | D:5      | Noticed Dowan
  3404 | D:5      | Killed Dowan
  3405 | D:5      | Killed Duvessa
  3633 | D:5      | Noticed Eustachio
  3639 | D:5      | Killed Eustachio
  3666 | D:5      | Reached XP level 8. HP: 52/75 MP: 7/7
  4252 | D:6      | Reached skill level 5 in Unarmed Combat
  4323 | D:6      | Found a sparkling altar of Nemelex Xobeh.
  4356 | D:6      | Found a sand-covered staircase.
  4362 | Ossuary  | Entered an ossuary
  4581 | Ossuary  | Reached skill level 5 in Shapeshifting
  4698 | D:6      | Reached XP level 9. HP: 75/84 MP: 8/8
  4724 | D:6      | Found an ancient bone altar of Kikubaaqudgha.
  4823 | D:6      | Found Hevirof's Jewellery Shoppe.
  4877 | D:6      | Found a snail-covered altar of Cheibriados.
  4974 | D:6      | Found a staircase to the Ecumenical Temple.
  5007 | D:6      | Identified the +3 long sword of the Big Bang {protect, rN+
                  | Int+5 Dex-3 Stlth+}
  5051 | Temple   | Entered the Ecumenical Temple
  5091 | Temple   | Became a worshipper of Trog the Wrathful
  5172 | D:6      | Found a broken altar of Ashenzari.
  5184 | D:6      | Found a blossoming altar of Fedhas.
  5381 | D:7      | Reached skill level 5 in Polearms
  5562 | D:7      | Reached skill level 6 in Unarmed Combat
  5616 | D:7      | Reached * piety under Trog
  6030 | D:7      | Found an opulent altar of Gozag.
  6817 | D:8      | Reached XP level 10. HP: 80/94 MP: 9/9
  6949 | D:9      | Found a glowing silver altar of Zin.
  6966 | D:9      | Noticed a two-headed ogre
  6975 | D:9      | Killed a two-headed ogre
  6976 | D:9      | Reached skill level 5 in Dodging
  6989 | D:9      | Found a hazy altar of Hepliaklqana.
  7038 | D:9      | Found a runed translucent gate.
  7038 | D:9      | Found a runed translucent gate.
  7038 | D:9      | Found a runed translucent gate.
  7038 | D:9      | Noticed a manticore
  7175 | D:9      | Found a hide-covered altar of Uskayaw.
  7183 | D:10     | Entered Level 10 of the Dungeon
  7195 | D:10     | Reached skill level 5 in Fighting
  7336 | D:9      | Found a staircase to the Lair.
  8422 | D:9      | Found a shimmering blue altar of Sif Muna.
  8657 | D:9      | Reached skill level 5 in Armour
  8661 | D:9      | Reached skill level 7 in Unarmed Combat
  9134 | D:9      | Reached ** piety under Trog
  9407 | D:9      | Identified the +7 hand axe of Egywkav {freeze, rN+ Int+2}
  9737 | D:11     | Noticed a gargoyle
  9744 | D:11     | Killed a gargoyle
  9745 | D:11     | Reached skill level 8 in Unarmed Combat
  9745 | D:11     | Reached XP level 11. HP: 80/105 MP: 10/10
  9777 | D:10     | Found Qofamm's Armour Boutique.
  9822 | D:10     | Noticed a sun demon
  9824 | D:10     | HP: 1/105 [kobold demonologist/+0 dagger (5)]
  9825 | D:10     | Slain by a wraith

Illustrated notes

Levels and vault maps discovered:
D:1:      nicolae_arrival_somewhat_less_tricky_arrival, layout_basic,
          ebering_ecumenical_altar_mist, minmay_tiny_reverse_x
D:2:      layout_basic, minmay_pentomino_o2
D:3:      layout_basic, mainiacjoe_overflow_six_doors_small, serial_shops, shop
D:4:      layout_basic, hangedman_decor_growths, chequers_big_river
D:5:      layout_basic, lemuel_crystal_altar, chequers_serial_rivers_room_a,
          minivault_14, cheibrodos_gnoll_hut, uniq_duvessa, uniq_eustachio
D:6:      layout_basic, amethyst_overflow_temple_binary,
          nemelex_xobeh_ov_fountains_minmay, slow_altar_2, kennysheep_mini,
          temple_pool_b, serial_shops, nicolae_shop_real_fake_doors,
          enter_ossuary_2, hangedman_decor_opposing, serial_bayou_pond_d,
          sword_in_stone
D:7:      layout_loops_corners, nicolae_overflow_hidden_temple
D:8:      layout_cave_pools, serial_park, serial_park_square2,
          serial_park_tiny_pond
D:9:      lemuel_bear_cage, layout_long_grid, mainiacjoe_overflow_brackets,
          nicolae_uskayaw_dance_hall, kennysheep_orc_sif_temple,
          mainiacjoe_overflow_paths, erik_lair_island, serial_glass,
          glass_columns_a, glass_columns_b, nrook_uturn
D:10:     layout_long_grid, serial_shops, shop
D:11:     layout_cave_pools, gauntlet_entry_generic
Temple:   hellmonk_temple_flake

Skill      XL: |  1  2  3  4  5  6  7  8  9 10 |
---------------+-------------------------------+-----
Fighting       | 1 2 3 4 5 |  5.7
Dodging        | 2 3 4 5 |  5.8
Armour         | 1 2 3 4 5 |  5.5
Unarmed Combat | 4 5 6 8 |  8.0
Polearms       | 1 2 4 5 6 |  6.2
Shapeshifting  | 4 5 6 |  6.8
Long Blades    | |  0.2

Action                     |  1- 3 |  4- 6 |  7- 9 | 10-12 || total
---------------------------+-------+-------+-------+-------++-------
  Melee: Unarmed           |    93 |    98 |   234 |   181 ||   606
         Punch             |     2 |     2 |    13 |     8 ||    25
         Trident           |       |    17 |   114 |     9 ||   140
 Invoke: Berserk           |       |       |     1 |     2 ||     3
         Trog's Hand       |       |       |       |     1 ||     1
  Evoke: Wand              |       |       |       |    11 ||    11
         Lightning rod     |       |       |       |     4 ||     4
    Use: Scroll            |       |     6 |     6 |     8 ||    20
         Potion            |       |     3 |     8 |     4 ||    15
   Stab: Sleeping          |       |       |     1 |       ||     1
         Paralysed         |       |       |       |     3 ||     3
 Armour: Animal skin       |    91 |    81 |   269 |   218 ||   659
         Troll leather arm |       |       |       |    51 ||    51
  Dodge: Dodged            |    84 |    58 |   152 |   153 ||   447
   Form: Blade             |       |       |       |     1 ||     1
         Beast             |       |       |       |     1 ||     1

Table legend: (Time is in decaauts)
 A = Elapsed time spent in this place.
 B = Non-inter-level travel time spent in this place.
 C = Inter-level travel time spent in this place.
 D = Time resting spent in this place.
 E = Time spent auto-exploring this place.
 F = Levels seen in this place.
 G = Mean time per level.
                   A        B        C        D        E       F      G
               +--------+--------+--------+--------+--------+-----+--------+
         Total |   9783 |   9553 |    230 |   1813 |   5367 |  13 |  752.5 |
       Dungeon |   9457 |   9237 |    220 |   1794 |   5264 |  11 |  859.7 |
        Temple |     53 |     43 |     10 |      0 |      0 |   1 |   53.0 |
       Ossuary |    272 |    272 |      0 |     19 |    103 |   1 |  272.0 |
               +--------+--------+--------+--------+--------+-----+--------+

Top non-repeatable levels by time:
     D:9: 2419 daAuts
     D:5: 1084 daAuts
     D:1: 984 daAuts
     D:4: 906 daAuts
     D:7: 855 daAuts
     D:8: 800 daAuts
     D:6: 715 daAuts
     D:2: 659 daAuts
     D:3: 542 daAuts
    D:10: 364 daAuts
 Ossuary: 272 daAuts
    D:11: 125 daAuts
  Temple: 53 daAuts
